 Dungeon Crawl Stone Soup version 0.32-a0-898-g7811c86cf0 (webtiles) character file.

Game seed: 7352855099185061554

63 GiantSquids the Chopper (level 3, 0/31 HPs)
             Began as a Mountain Dwarf Fighter on Apr 5, 2024.
             Was a Believer of Cheibriados.
             Slain by a giant cockroach (1 damage)
             ... on level 3 of the Dungeon.
             The game lasted 00:02:28 (1398 turns).

GiantSquids the Chopper (Mountain Dwarf Fighter)    Turns: 1398, Time: 00:02:29

Health: 0/31       AC:  6    Str: 24    XL:     3   Next: 87%
Magic:  0/3        EV:  8    Int: 12    God:    Cheibriados [**....]
Gold:   43         SH:  4    Dex: 13    Spells: 2/2 levels left

rFire   . . .        a - +0 war axe
rCold   . . .        c - +0 buckler
rNeg    . . .        b - +0 scale mail
rPois   .            (no helmet)
rElec   .            (no cloak)
rCorr   .            (no gloves)
SInv    .            (no boots)
Will    .....        f - amulet of the acrobat Stlth
                     (no ring)
HPRegen 0.25/turn    (no ring)
MPRegen 0.08/turn

%: acrobat
@: very slow
A: runic magic, artefact enchanting
a: Renounce Religion, Bend Time


You were on level 3 of the Dungeon.
You worshipped Cheibriados.
Cheibriados was pleased with you.
You visited 1 branch of the dungeon, and saw 3 of its levels.

You collected 71 gold pieces.
You spent 28 gold pieces at shops.

Inventory:

Hand Weapons
 a - a +0 war axe (weapon)
Armour
 b - a +0 scale mail (worn)
 c - a +0 buckler (worn)
Jewellery
 f - an amulet of the acrobat (around neck)
Scrolls
 g - 3 scrolls of teleportation {unknown}
 i - a scroll of vulnerability {unknown}
 j - 2 scrolls of identify
Potions
 d - a potion of might
 e - a potion of enlightenment {unknown}
 h - a potion of degeneration {unknown}


   Skills:
 - Level 3.2 Fighting
 + Level 5.1 Axes
 - Level 3.2 Armour
 - Level 3.2 Shields


You had 2 spell levels left.
You didn't know any spells.
Your spell library contained the following spells:

 Spells                   Type           Power      Damage    Failure   Level
 Apportation              Tloc           0%         N/A       45%         1
 Jinxbite                 Hex            0%         N/A       58%         2
 Alistair's Intoxication  Alch           0%         N/A       100%        5


Dungeon Overview and Level Annotations

Branches:
Dungeon (3/15)

Altars:
Cheibriados

Shops:
D:2 ?

Annotations:
D:3 Sigmund


Innate Abilities, Weirdness & Mutations

Your spellcasting is much less encumbered by armour.
You can use scrolls of enchantment on lesser artefacts.


Message History

You slash the orc!
You kill the orc!
Cheibriados appreciates the change of pace.
You closely miss the orc. The orc hits you with a +0 hand axe.
The gnoll closely misses you.
Okay, then.
Okay, then.
You barely miss the orc.
An adder comes into view.
A giant cockroach comes into view.
The orc hits you but does no damage.
A kobold comes into view. It is wielding a +0 club.
The gnoll barely misses you. The gnoll hits you but does no damage.
The orc barely misses you.
You slash the orc!
You kill the orc!
Cheibriados appreciates the change of pace.
Cheibriados raises the support of your attributes as your movement slows.
The gnoll throws a throwing net.
The throwing net hits you.
You become entangled in the net!
The gnoll hits you from afar with a +0 halberd.
You tear a large gash into the net.
The gnoll hits you but does no damage. The orc hits you with a +0 flail.
The gnoll hits you from afar with a +0 halberd!
You struggle against the net.
The orc hits you with a +0 flail.
* * * LOW HITPOINT WARNING * * *
The gnoll hits you but does no damage. x2
You shred the net and break free! You block the gnoll's attack.
The orc hits you but does no damage. You block the gnoll's attack.
The flow of time bends around you.
The orc resists with some effort.
Cheibriados rebukes the orc.
The orc seems to slow down.
The gnoll hits you but does no damage. The orc barely misses you.
Sigmund hits you but does no damage.
The gnoll hits you from afar with a +0 halberd.
* * * LOW HITPOINT WARNING * * *
You hit the orc.
The orc is heavily wounded.
You barely miss the orc. You closely miss the giant cockroach.
The giant cockroach bites you.
You die...
Cheibriados appreciates the motionlessness of death.

...####.###.#.#..
.......<........#...
...##.#.####.#....#.
#.#.# #.....#...
#.#.###.#.#.....
##.###.#)##..$gK..#.#
.........##.#@oS#....
######......o)#g...#.
######.#@og#....
#..B.....#.#
#.#.#†#....?
...#.....#...
###.#..#....#.
#.......#...
....#.#...#.
###........ #.[.....#


You could see Sigmund, 3 gnolls, an adder, 3 orcs, a giant cockroach and a
kobold.

Vanquished Creatures
  An adder (D:2)
  2 ribbon worms (D:2)
  2 orcs (D:3)
  3 bats (D:2)
  4 endoplasms
  6 giant cockroaches
  7 goblins
  A quokka (D:2)
  3 ball pythons
  3 frilled lizards
  6 kobolds
  6 rats (D:2)
44 creatures vanquished.

Notes
Turn   | Place    | Note
-------+----------+-------------------------------------------
     0 | D:1      | GiantSquids the Mountain Dwarf Fighter began the quest for
                  | the Orb.
     0 | D:1      | Reached XP level 1. HP: 19/19 MP: 1/1
   145 | D:1      | Reached skill level 3 in Axes
   151 | D:1      | Reached XP level 2. HP: 26/26 MP: 2/2
   656 | D:2      | Reached skill level 4 in Axes
   719 | D:2      | Reached XP level 3. HP: 20/31 MP: 3/3
   764 | D:2      | Found a faded altar of an unknown god.
   778 | D:2      | Found a snail-covered altar of Cheibriados.
   788 | D:2      | Prayed at the altar of an unknown god.
   788 | D:2      | Became a worshipper of Cheibriados the Contemplative
   788 | D:2      | Reached * piety under Cheibriados
  1091 | D:2      | Found Seimpug's Magic Scroll Shop.
  1097 | D:2      | Bought a scroll of identify for 28 gold pieces
  1244 | D:2      | Reached skill level 5 in Axes
  1389 | D:3      | Noticed Sigmund
  1393 | D:3      | Reached ** piety under Cheibriados
  1397 | D:3      | HP: 1/31 [gnoll/+0 halberd (5)]
  1398 | D:3      | Slain by a giant cockroach

Illustrated notes

Levels and vault maps discovered:
D:1:      wander_arrival_fairy_ring, layout_loops_ring,
          amcnicky_mini_rare_corridor_liquid
D:2:      minmay_angry_zag, layout_basic, basic_altar,
          nicolae_ecumenical_pavilion, serial_shops, shop
D:3:      layout_loops_ring, mainiacjoe_overflow_large_starburst,
          nicolae_kite_square_tiling_tiny, kennysheep_flooded_box,
          serial_bayou_pond_a, uniq_natasha, uniq_sigmund

Skill      XL: |  1  2  3 |
---------------+----------+-----
Axes           | 3 4 5 |  5.1
Fighting       | |  3.2
Armour         | |  3.2
Shields        | |  3.2

Action                     || total
---------------------------++-------
  Melee: War axe           ||   109
 Invoke: Bend Time         ||     1
 Armour: Scale mail        ||    74
  Dodge: Dodged            ||    56
  Block: Buckler           ||    29

Table legend: (Time is in decaauts)
 A = Elapsed time spent in this place.
 B = Non-inter-level travel time spent in this place.
 C = Inter-level travel time spent in this place.
 D = Time resting spent in this place.
 E = Time spent auto-exploring this place.
 F = Levels seen in this place.
 G = Mean time per level.
                   A        B        C        D        E       F      G
               +--------+--------+--------+--------+--------+-----+--------+
         Total |   1634 |   1558 |     76 |      0 |   1268 |   3 |  544.7 |
       Dungeon |   1634 |   1558 |     76 |      0 |   1268 |   3 |  544.7 |
               +--------+--------+--------+--------+--------+-----+--------+

Top non-repeatable levels by time:
     D:2: 1042 daAuts
     D:1: 548 daAuts
     D:3: 43 daAuts
